 Dungeon Crawl Stone Soup version 0.24-a0-500-g46574c2 (webtiles) character file.

Game seed: 7018268258044327506

9524 LinksRevenge the Cleaver (level 11, -15/99 HPs)
             Began as a Minotaur Berserker on July 14, 2019.
             Was a High Priest of Trog.
             Killed from afar by mortress's ghost (27 damage)
             ... with a bolt of lightning
             ... on level 10 of the Dungeon.
             The game lasted 00:20:06 (8076 turns).

LinksRevenge the Cleaver (Minotaur Berserker)       Turns: 8076, Time: 00:20:07

Health: -15/99     AC: 19    Str: 27      XL:     11   Next: 24%
Magic:  12/12      EV: 11    Int:  1 (4)  God:    Trog [*****.]
Gold:   283        SH:  0    Dex: 10      Spells: 10/10 levels left

rFire    . . .     SeeInvis .   j - +3 battleaxe of Nixom {protect, Str+2}
rCold    . . .     Gourm    .   (shield currently unavailable)
rNeg     . . .     Faith    .   n - +0 plate armour
rPois    .         Spirit   .   (helmet restricted)
rElec    .         Reflect  .   (no cloak)
rCorr    .         Harm     .   (no gloves)
MR       ++...                  m - +0 pair of boots
Stlth    ..........             w - amulet of rage
HPRegen  1.26/turn              b - +4 ring of protection
MPRegen  0.13/turn              (no ring)

@: berserk cooldown, regenerating, slowed, very slow
A: retaliatory headbutt, horns 2
a: Berserk, Trog's Hand, Brothers in Arms, Renounce Religion, Evoke Berserk Rage


You were on level 10 of the Dungeon.
You worshipped Trog.
Trog was extremely pleased with you.
You were very hungry.

You visited 1 branch of the dungeon, and saw 10 of its levels.

You collected 433 gold pieces.
You spent 150 gold pieces at shops.

Inventory:

Hand Weapons
 a - a +3 executioner's axe
 j - the +3 battleaxe of Nixom (weapon) {protect, Str+2}
   (Trog gifted it to you on level 6 of the Dungeon)

   It grants its wielder temporary protection when it strikes (+7 to AC).
   It affects your strength (+2).
 k - a +2 hand axe of chopping
Missiles
 t - 3 throwing nets (quivered)
Armour
 m - a +0 pair of boots (worn)
 n - a +0 plate armour (worn)
 o - a +0 large shield
Jewellery
 b - a +4 ring of protection (left hand)
 w - an amulet of rage (around neck)
 x - an uncursed amulet of the acrobat
Wands
 d - a wand of polymorph (12)
 s - a wand of enslavement (9)
Scrolls
 f - 2 scrolls of remove curse
 g - 6 scrolls of identify
 i - 2 scrolls of magic mapping
 p - a scroll of blinking
 q - a scroll of immolation
 r - 2 scrolls of fog
 u - 5 scrolls of teleportation
Potions
 e - a potion of agility
 h - 3 potions of berserk rage
 l - 4 potions of lignification
 v - 2 potions of haste
Comestibles
 c - 19 rations
 z - 2 chunks of flesh


   Skills:
 + Level 9.9 Fighting
 * Level 13.0 Axes
 + Level 9.5 Armour
 + Level 8.6 Dodging
 + Level 3.7 Evocations


You had 10 spell levels left.
You didn't know any spells.
Your spell library was empty.

Dungeon Overview and Level Annotations

Branches:
Dungeon (10/15)            Temple (0/1) D:4
   Lair: D:8-11         Orc: D:9-12

Altars:
Trog
Xom
Beogh

Shops:
D:5 *   D:7 ?   D:10 :

Annotations:
D:10 1 transporter, mortress's ghost, novice DrAE


Innate Abilities, Weirdness & Mutations

You reflexively headbutt those who attack you in melee.
You have a pair of horns on your head.


Message History

You closely miss mortress's ghost.
Mortress's ghost is severely damaged.
Mortress's ghost hits you but does no damage.
Mortress's ghost casts a spell.
You are struck by an arc of lightning!
* * * LOW HITPOINT WARNING * * *
You barely miss mortress's ghost. Your headbutt misses mortress's ghost.
Mortress's ghost is severely damaged.
Your ogre hits mortress's ghost with a cursed +0 giant club!!
Mortress's ghost hits you.
* * * LOW HITPOINT WARNING * * *
x2 Your ogre hits mortress's ghost with a cursed +0 giant club.
Mortress's ghost hits you but does no damage.
Your plate armour prevents you from hitting mortress's ghost.
Your headbutt misses mortress's ghost.
Mortress's ghost is almost destroyed.
Your ogre misses mortress's ghost.
Mortress's ghost gestures at you while chanting.
The bolt of lightning hits you!!
You die...

# #.# #.######.# # #.#
###.#......# #
#.###.....###..# #
#.##..#####.##.##
#######.#..##......#..#
..........##....#..##.#
#######...#...#...#.#.#
#...##..##W#. #.#
#...©#.#.O@#.##.#
#...##:....#[#..##
#...#...#©.=[#©..#
#...#.#...#.$#...#
#.#.##.#.....##..#
#.#..#...#.#..#..#
#.##.#...#.#..#..#
#.##.#©......##..#
#.##.###...###...#


You could see mortress's ghost and a friendly ogre (berserk).

Vanquished Creatures
  2 two-headed ogres
  An unseen horror (D:10)
  A gargoyle (D:10)
  Psyche (D:8)
  A troll (D:9)
  A hornet (D:10)
  Prince Ribbit (D:7)
  Sigmund (D:4)
  Eustachio (D:3)
  3 yaks (D:10)
  A neqoxec (D:10)
  Menkaure (D:4)
  3 vampire mosquitoes (D:10)
  A soldier ant (D:10)
  A water moccasin (D:7)
  2 ice beasts
  7 orc warriors
  3 black bears
  4 ogres
  3 phantoms
  2 centaurs
  A big kobold (D:9)
  3 bullfrogs
  A gnoll sergeant (D:5)
  A wyvern skeleton (D:10)
  6 killer bees (D:6)
  A scorpion (D:4)
  8 wights (D:6)
  2 howler monkeys
  A crimson imp (D:10)
  A centaur zombie (D:9)
  A gnoll shaman (D:5)
  4 hounds
  2 jellies
  3 quasits (D:10)
  6 orc priests
  A bullfrog skeleton (D:7)
  5 iguanas
  4 worker ants
  6 orc wizards
  A killer bee zombie (D:6)
  A hound zombie (D:10)
  Robin (D:4)
  A worker ant zombie (D:8)
  11 adders
  52 gnolls
  5 shadow imps
  2 adder skeletons
  3 worms
  2 dart slugs (D:1)
  6 leopard geckos
  46 orcs
  2 ball pythons
  4 giant cockroaches
  13 goblins
  6 hobgoblins
  27 jackals
  5 quokkas
  3 bats
  4 frilled lizards
  11 kobolds
  A leopard gecko skeleton (D:6)
  A leopard gecko zombie (D:8)
  10 rats
316 creatures vanquished.

Vanquished Creatures (others)
  A yak (D:9)
  A neqoxec (D:10)
  An ogre (D:9)
  A scorpion (D:9)
  A hound (D:9)
  An orc wizard (D:9)
  A worker ant (D:9)
  An adder (D:9)
  A leopard gecko (D:9)
  A quokka skeleton (D:9)
10 creatures vanquished.

Grand Total: 326 creatures vanquished

Notes
Turn   | Place    | Note
-------+----------+-------------------------------------------
     0 | D:1      | LinksRevenge the Minotaur Berserker began the quest for the
                  | Orb.
     0 | D:1      | Reached XP level 1. HP: 19/19 MP: 0/0
   148 | D:1      | Reached XP level 2. HP: 27/27 MP: 1/1
   150 | D:1      | Reached skill level 4 in Axes
   746 | D:2      | Reached XP level 3. HP: 32/33 MP: 2/2
  1322 | D:3      | Reached ** piety under Trog
  1327 | D:3      | Found a faded altar of an unknown god.
  1437 | D:3      | Reached XP level 4. HP: 40/40 MP: 3/3
  1621 | D:3      | Reached skill level 5 in Axes
  1851 | D:3      | Reached XP level 5. HP: 44/47 MP: 4/4
  2113 | D:4      | Noticed Robin
  2113 | D:4      | Noticed Eustachio
  2114 | D:4      | Noticed an ogre
  2163 | D:3      | Killed Eustachio
  2163 | D:3      | Reached XP level 6. HP: 50/55 MP: 5/5
  2175 | D:4      | Reached *** piety under Trog
  2176 | D:4      | Reached skill level 6 in Axes
  2177 | D:4      | Noticed Sigmund
  2189 | D:4      | Killed Robin
  2189 | D:4      | Reached skill level 5 in Fighting
  2215 | D:4      | Killed Sigmund
  2215 | D:4      | Reached XP level 7. HP: 41/61 MP: 6/6
  2324 | D:4      | Reached skill level 7 in Axes
  2357 | D:4      | Found a staircase to the Ecumenical Temple.
  2491 | D:4      | Noticed Menkaure
  2510 | D:4      | Killed Menkaure
  2510 | D:4      | Reached skill level 5 in Armour
  2896 | D:5      | Entered Level 5 of the Dungeon
  2929 | D:5      | Found a bloodstained altar of Trog.
  2931 | D:5      | Found Ahutz's Mayhem Merchandise.
  3053 | D:5      | Reached XP level 8. HP: 54/70 MP: 7/7
  3098 | D:5      | Reached skill level 8 in Axes
  3098 | D:5      | Reached skill level 5 in Dodging
  3275 | D:5      | Received a gift from Trog
  3563 | D:5      | Noticed a green ugly thing
  3628 | D:5      | Reached **** piety under Trog
  3639 | D:5      | Reached skill level 9 in Axes
  4213 | D:5      | Bought a +0 executioner's axe for 150 gold pieces
  4280 | D:6      | Reached XP level 9. HP: 75/79 MP: 8/8
  4303 | D:6      | Reached skill level 10 in Axes
  4304 | D:6      | Reached ***** piety under Trog
  4912 | D:6      | Received a gift from Trog
  4915 | D:6      | Got a jewelled battleaxe {god gift}
  4916 | D:6      | Identified the +3 battleaxe of Nixom {protect, Str+2} (Trog
                  | gifted it to you on level 6 of the Dungeon)
  5151 | D:7      | Noticed Prince Ribbit
  5162 | D:7      | Killed Prince Ribbit
  5220 | D:7      | Found Axiarae's Magic Scroll Shoppe.
  5252 | D:7      | Reached skill level 11 in Axes
  5626 | D:8      | Noticed Psyche
  5631 | D:8      | Killed Psyche
  5631 | D:8      | Reached XP level 10. HP: 69/90 MP: 9/9
  6099 | D:8      | Reached skill level 1 in Evocations
  6727 | D:9      | Noticed a two-headed ogre
  6739 | D:9      | Killed a two-headed ogre
  6863 | D:9      | Reached skill level 12 in Axes
  6897 | D:9      | Found a shimmering altar of Xom.
  7181 | D:10     | Entered Level 10 of the Dungeon
  7181 | D:10     | Found Pesheagg's Book Shop.
  7206 | D:10     | Noticed a two-headed ogre
  7217 | D:10     | Killed a two-headed ogre
  7488 | D:10     | Found a transporter.
  7492 | D:10     | Noticed mortress's ghost (novice DrAE)
  7504 | D:10     | Found a transporter.
  7508 | D:10     | Noticed a gargoyle
  7514 | D:10     | Killed a gargoyle
  7608 | D:10     | Killed an unseen horror
  7608 | D:10     | Reached XP level 11. HP: 81/99 MP: 12/12
  7892 | D:10     | Found a roughly hewn altar of Beogh.
  7918 | D:10     | Reached skill level 13 in Axes
  7925 | D:10     | Received a gift from Trog
  8076 | D:10     | Killed from afar by mortress's ghost

Levels and vault maps discovered:
D:1:      wander_arrival_abandoned_jail, layout_basic, hex_intersection
D:2:      layout_loops_cross, first_ration
D:3:      layout_basic, chequers_ecumenical_altar_simple, minivault_11
D:4:      layout_basic, minmay_temple_entry_mist, uniq_menkaure, uniq_sigmund,
          uniq_robin, uniq_eustachio
D:5:      lemuel_castle_with_subvaults [lemuel_castle_interior_original],
          layout_basic, lemuel_crystal_altar, minmay_shop_mayhem,
          minmay_misc_feat_plants, kennysheep_donut, kennysheep_cross_room,
          chequers_serial_rivers_micro_d
D:6:      layout_basic
D:7:      layout_cave_pools, serial_shops, nicolae_shop_trees, grunt_ogre_cave,
          chequers_serial_rivers_small_3, uniq_prince_ribbit1
D:8:      layout_loops_corners, uniq_psyche
D:9:      layout_loops_corners, xom_confusion_cloud
D:10:     layout_small_grid, serial_shops, shop, special_room
          [special_room_orc], gammafunk_ghost_stat_death, minmay_diced_spiral

Skill      XL: |  1  2  3  4  5  6  7  8  9 10 11 |
---------------+----------------------------------+-----
Axes           | 4 5 6 7 9 11 12 13 | 13.0
Fighting       | 4 5 6 7 8 9 |  9.9
Armour         | 3 4 5 6 8 9 |  9.5
Dodging        | 3 4 6 7 8 |  8.6
Evocations     | 3 |  3.7

Action                   |  1- 3 |  4- 6 |  7- 9 | 10-12 || total
-------------------------+-------+-------+-------+-------++-------
Melee: Hand axe          |    92 |   172 |   231 |       ||   495
       Headbutt          |    15 |    17 |    73 |    38 ||   143
       Executioner's axe |       |       |    75 |       ||    75
       Battleaxe         |       |       |    47 |   188 ||   235
Invok: Berserk           |       |       |     3 |     3 ||     6
       Trog's Hand       |       |       |     3 |     1 ||     4
       Brothers in Arms  |       |       |       |     1 ||     1
  Use: Scroll            |       |     2 |    15 |     2 ||    19
       Potion            |       |     1 |     2 |       ||     3
  Eat: Chunk             |     2 |     2 |    16 |    10 ||    30
Armor: Ring mail         |    20 |       |       |       ||    20
       Plate armour      |    17 |    90 |   252 |   146 ||   505
       Skin              |       |    58 |       |       ||    58
Dodge: Dodged            |    31 |    25 |   120 |   116 ||   292
Block: Large shield      |    30 |   115 |   175 |       ||   320

Table legend:
 A = Non-vault XP
 B = Vault XP
 C = Vault XP percentage of total XP
 D = Non-vault monster count
 E = Vault monster count
 F = Vault count percentage of total count
                 A         B        C        D         E       F
            +---------+---------+-------+---------+---------+-------
      Total |    9087 |    4519 |  33.2 |     206 |     111 |  35.0
            +---------+---------+-------+---------+---------+-------
        D:1 |      28 |       0 |   0.0 |      13 |       0 |   0.0
        D:2 |      50 |       0 |   0.0 |      15 |       0 |   0.0
        D:3 |     133 |     203 |  60.4 |      34 |       1 |   2.9
        D:4 |     322 |     446 |  58.1 |      16 |      13 |  44.8
        D:5 |     692 |     810 |  53.9 |      16 |      61 |  79.2
        D:6 |    1566 |       0 |   0.0 |      40 |       0 |   0.0
        D:7 |     541 |     399 |  42.4 |      15 |       2 |  11.8
        D:8 |     445 |     404 |  47.6 |       8 |       1 |  11.1
        D:9 |    1255 |     951 |  43.1 |      29 |       2 |   6.5
       D:10 |    4055 |    1306 |  24.4 |      20 |      31 |  60.8
            +---------+---------+-------+---------+---------+-------
